 Dungeon Crawl Stone Soup version 0.23.2-40-g277498a001 (webtiles) character file.

Game seed: 9490499276307374770

112 H0rd4k the Magician (level 4, -4/24 HPs)
             Began as a Deep Elf Wizard on Sept 26, 2019.
             Slain by a gnoll
             ... wielding a +0 spear
              (9 damage)
             ... on level 2 of the Dungeon.
             The game lasted 00:04:19 (1642 turns).

H0rd4k the Magician (Deep Elf Wizard)               Turns: 1642, Time: 00:04:20

Health: -4/24      AC:  2    Str:  4    XL:     4   Next: 64%
Magic:  13/14      EV: 13    Int: 24    God:
Gold:   83         SH:  0    Dex: 13    Spells: 9/15 levels left

rFire    . . .     SeeInvis .   l - +2 dagger (protect)
rCold    . . .     Gourm    .   (no shield)
rNeg     . . .     Faith    .   a - +0 robe
rPois    .         Spirit   .   b - +0 hat
rElec    .         Reflect  .   (no cloak)
rCorr    .         Harm     .   (no gloves)
MR       .....                  (no boots)
Stlth    ++........             (no amulet)
HPRegen  0.08/turn              (no ring)
MPRegen  0.14/turn              (no ring)

@: no status effects
A: no striking features
a: no special abilities


You were on level 2 of the Dungeon.
You were not hungry.

You visited 1 branch of the dungeon, and saw 3 of its levels.

You collected 83 gold pieces.

Inventory:

Hand Weapons
 l - a +2 dagger of protection (weapon)
 n - a +0 blowgun
Armour
 a - a +0 robe (worn)
 b - a +0 hat (worn)
Jewellery
 j - an uncursed amulet of faith {unknown}
Scrolls
 e - 2 scrolls of teleportation {unknown}
 f - a scroll of enchant armour {unknown}
 h - a scroll of identify {unknown}
 k - a scroll of random uselessness {unknown}
 m - a scroll of immolation {unknown}
 o - a scroll of fear {unknown}
Potions
 c - a potion of curing {unknown}
 g - 2 potions of mutation {unknown}
 i - a potion of berserk rage {unknown}
Comestibles
 d - 6 rations


   Skills:
 + Level 0.1 Fighting
 + Level 0.3 Short Blades
 + Level 3.0 Dodging
 + Level 3.1 Stealth
 + Level 6.1 Spellcasting
 + Level 2.4 Conjurations
   Level 1.1 Summonings
 + Level 1.1 Translocations


You had 9 spell levels left.
You knew the following spells:

 Your Spells              Type           Power        Failure   Level  Hunger
a - Magic Dart            Conj           ###.         2%          1    None
b - Blink                 Tloc           N/A          8%          2    None
c - Conjure Flame         Conj/Fire      ##......     14%         3    #......

Your spell library contained the following spells:

 Spells                   Type           Power        Failure   Level  Hunger
 Call Imp                 Summ           ##......     8%          2    None
 Slow                     Hex            #.......     12%         2    None
 Mephitic Cloud           Conj/Pois/Air  ##......     17%         3    #......


Dungeon Overview and Level Annotations

Branches:
Dungeon (3/15)

Altars:
Kikubaaqudgha

Annotations:
D:1 exclusion: downstairs
D:2 Sigmund


Message History

You see here a +0 club.
There is a stone staircase leading down here.
You climb downwards.
A rat and 3 gnolls come into view.
The gnoll shouts! x3
Found a hunting sling.
There is a stone staircase leading up here.
The gnoll hits you with a +0 halberd! The gnoll misses you.
You climb upwards.
Level annotation: Sigmund
There is a stone staircase leading down here.
Casting: Magic Dart (safe; 2% risk of failure)
Confirm with . or Enter, or press ? or * to list all spells.
You blink.
The gnoll hits you with a +0 halberd. The gnoll hits you with a +0 spear.
* * * LOW HITPOINT WARNING * * *
The gnoll barely misses you.
The gnoll hits you from afar with a +0 spear!
You die...

###............#
#.(.............# #####
#.##............# #.#.######
#.##............# .#.⌠.#...##
#.##............# #.#.#.#.#.##
#.##......†.....#
.⌠.#.⌠.#.⌠.#####.###...##+#######
#.#.#.#.#..'..##.# ##..##.# #..
.#.⌠.#.⌠.#.'..##@####..##.# #..
#.#.#.#.#..'...........##.# #..
.⌠.#.⌠.#.⌠.#.....g....>#..#####..
#.#.#.#.#.##....g...........)....
.#.⌠.#...###..........#...#######
#.#.###### #.........#.#..# #####
###........#._.#.#
#...######..#.#..# #...#
#...#...#


You could see 2 gnolls.

Vanquished Creatures
  A vampire bat (D:2)
  An adder (D:2)
  2 oozes
  A dart slug (D:1)
  2 leopard geckos (D:1)
  A ball python (D:1)
  6 bats (D:1)
  2 bat skeletons (D:2)
  3 bat zombies (D:2)
  A giant cockroach (D:1)
  6 goblins
  A hobgoblin (D:2)
  9 jackals
  A frilled lizard (D:1)
  2 kobolds (D:1)
  10 rats
49 creatures vanquished.

Notes
Turn   | Place    | Note
-------+----------+-------------------------------------------
     0 | D:1      | H0rd4k the Deep Elf Wizard began the quest for the Orb.
     0 | D:1      | Reached XP level 1. HP: 10/10 MP: 7/7
   133 | D:1      | Reached XP level 2. HP: 15/15 MP: 2/9
   161 | D:1      | Reached skill level 5 in Spellcasting
   473 | D:2      | Reached XP level 3. HP: 11/19 MP: 3/11
   477 | D:2      | Learned a level 2 spell: Blink
   481 | D:2      | Learned a level 3 spell: Conjure Flame
   566 | D:2      | Noticed Sigmund
  1348 | D:2      | Found a faded altar of an unknown god.
  1381 | D:2      | Reached XP level 4. HP: 22/24 MP: 7/13
  1482 | D:2      | Found an ancient bone altar of Kikubaaqudgha.
  1493 | D:2      | Reached skill level 6 in Spellcasting
  1642 | D:2      | Slain by a gnoll

Skill      XL: |  1  2  3  4 |
---------------+-------------+-----
Spellcasting   | 5 6 |  6.1
Stealth        | 3 |  3.1
Conjurations   | 2 |  2.4
Dodging        | 3 |  3.0
Fighting       | |  0.1
Short Blades   | |  0.3
Summonings     | |  1.1
Translocations | |  1.1

Action                   |  1- 3 |  4- 6 || total
-------------------------+-------+-------++-------
Melee: Dagger            |     2 |       ||     2
 Cast: Magic Dart        |   102 |    20 ||   122
       Conjure Flame     |     1 |       ||     1
       Blink             |       |     1 ||     1
  Eat: Chunk             |     1 |     1 ||     2
Armor: Robe              |    11 |     9 ||    20
Dodge: Dodged            |    30 |    13 ||    43
